Cogmind - Beta 13 X1 @@@ ROGUE MODE // 2023.06.25 @ 08:27:25 Player: JackNine Result: Destroyed by NE-SW0(R) with Subdweller Machine Gun Performance ------------- Evolutions (0) 0 Regions Visited (2) 400 Robots Destroyed (21) 105 Value Destroyed (483) 483 Prototype IDs (2) 40 Alien Tech Used (0) 0 Bonus (0) 0 TOTAL SCORE: 1028 Bonus ------- None Cogmind --------- Core Integrity 0/250 Matter 290/300 Energy 168/200 System Corruption 0% Temperature Cool (0) Movement Rolling (115) Ox1 Location -10/Subcaves Parts ------- > --- POWER (1) -------- Subdweller Power Source > --- PROPULSION (2) --- Compact Wheel > --- UTILITY (2) ------ Medium Storage Unit > --- WEAPON (2) ------- EM Pulse Gun > --- INVENTORY (10) --- Subdweller Optics Mining Claw Peak State ------------ > --- POWER ------------ Light Ion Engine > --- PROPULSION ------- Light Treads Light Treads > --- UTILITY ---------- Medium Storage Unit Subdweller Optics > --- WEAPON ----------- Subdweller Beam Cannon Subdweller Machine Gun > --- INVENTORY -------- Subdweller Power Source Wheel Compact Wheel Compact Wheel EM Pulse Gun EM Pulse Gun EM Pulse Gun Assault Rifle Mining Claw [Rating: 11] Favorites ----------- Power Ion Engine Engine Ion Engine Propulsion Light Treads Treads Light Treads Wheel Wheel Utility Medium Storage Unit Device Subdweller Optics Storage Medium Storage Unit Protection Light Armor Plating Weapon Mining Claw Energy Gun Small Laser Energy Cannon Subdweller Beam Cannon Ballistic Gun Assault Rifle Slashing Weapon Mining Claw Build | -11 -10 -10 ------- Run | Jun Mat Sub Slots Evolved . | . . . Power . | . . . Propulsion . | . . . Utility . | . . . Weapon . | . . . Parts Attached 38 | 6 7 25 Power 3 | 1 . 2 Engine 3 | 1 . 2 Core . | . . . Reactor . | . . . Propulsion 8 | 2 1 5 Treads 3 | 1 . 2 Leg . | . . . Wheel 5 | 1 1 3 Hover . | . . . Flight . | . . . Utility 4 | 1 2 1 Device 1 | . . 1 Storage 2 | 1 1 . Processor . | . . . Hackware . | . . . Protection 1 | . 1 . Artifact . | . . . Weapon 23 | 2 4 17 Energy Gun 7 | 1 1 5 Energy Cannon 3 | . . 3 Ballistic Gun 8 | 1 3 4 Ballistic Cannon . | . . . Launcher . | . . . Special Weapon . | . . . Impact Weapon . | . . . Slashing Weapon 5 | . . 5 Piercing Weapon . | . . . Special Melee Weapon . | . . . Unidentified Prototypes . | . . . Parts Lost 13 | . . 13 Power 2 | . . 2 Propulsion 5 | . . 5 Utility . | . . . Weapon 6 | . . 6 Highest Loss Streak 3 | . . 3 To Critical Strikes . | . . . Average Slot Usage (%) 92 | . 98 88 Engine 14 | . 14 14 Treads 15 | . 14 16 Wheel 9 | . 14 7 Device 5 | . . 7 Storage 14 | . 15 14 Protection 3 | . 11 . Energy Gun 7 | . 14 4 Energy Cannon 4 | . . 7 Ballistic Gun 9 | . 14 6 Slashing Weapon 6 | . . 8 Naked Turns . | . . . Heaviest Build 27 | 12 23 27 Greatest Support 40 | 10 10 40 Greatest Overweight (x) 2 | 1 2 2 Average Overweight (x) . | . 1 . Largest Inventory Capacity 10 | 8 10 10 Average Capacity 9 | 6 9 10 Most Carried 10 | 4 10 10 Average Carried 7 | 2 9 7 Final Capacity 10 | 8 10 10 Final Carried 9 | 4 9 2 Class Distribution -------------------- 96% | Mutant 3% | Scavenger-Mutant Dominant Class ---------------- Mutant | -10/Materials Mutant | -10/Subcaves Resources | -11 -10 -10 ----------- Run | Jun Mat Sub Matter Collected 660 | 173 209 278 Remotely . | . . . Salvage Created 602 | . 341 261 Parts 52 | . 30 22 Haulers Intercepted 2 | . 2 . Recyclers Shooed . | . . . Parts Field Recycled . | . . . Retrieved Matter . | . . . Parts Self-Destructed 10 | . . 10 Prevented 1 | . . 1 Kills | -11 -10 -10 ------- Run | Jun Mat Sub Combat Hostiles Destroyed 19 | . 10 9 Guns 16 | . 10 6 Cannons 3 | . . 3 Classes Destroyed 4 | . 3 1 Hauler 2 | . 2 . Swarmer 9 | . 6 3 Grunt 4 | . 4 . Subdweller 6 | . . 6 Best Kill Streak 3 | . 3 3 Combat Bots Only 3 | . 3 3 Max Kills in Single Turn 1 | . 1 1 Gunslinging . | . . . Exploded . | . . . Melee . | . . . Uniques/NPCs Destroyed . | . . . Combat | -11 -10 -10 -------- Run | Jun Mat Sub Damage Taken 1596 | . 375 1221 Core 254 | . 86 168 Absorbed by Shields . | . . . Core Remaining (%) 100 | 100 . . Volleys Fired 86 | . 40 46 Largest 2 | . 2 2 Hottest 120 | . 85 120 Shots Fired 170 | . 80 90 Gun 143 | . 80 63 Cannon 27 | . . 27 Launcher . | . . . Special . | . . . Kinetic 75 | . 40 35 Thermal 81 | . 40 41 Explosive . | . . . Electromagnetic 14 | . . 14 Robot Hit Streak 16 | . 9 16 Robot Miss Streak 6 | . 6 3 Penetration Max . | . . . Secondary Targets 3 | . 1 2 Max Gunslinging Chain 1 | . 1 1 Shots Hit Robots 120 | . 47 73 Core Hits 37 | . 21 16 Critical Kills . | . . . Critical Parts Destroyed . | . . . Critical Strikes 1 | . 1 . Burn 1 | . 1 . Melee Attacks 33 | . . 33 Impact . | . . . Slashing 33 | . . 33 Piercing . | . . . Sneak Attacks . | . . . Combat Hostiles . | . . . Follow-up Attacks . | . . . Damage Inflicted 1936 | . 512 1424 Guns 1319 | . 512 807 Cannons 579 | . . 579 Explosions 38 | . . 38 Melee . | . . . Ramming . | . . . Kinetic 704 | . 199 505 Thermal 1126 | . 313 813 Explosive . | . . . Electromagnetic 106 | . . 106 Impact . | . . . Slashing . | . . . Piercing . | . . . Highest Corruption . | . . . Average Corruption . | . . . Corruption Purged . | . . . Corruption Blocked . | . . . Overload Shots . | . . . Overflow Damage 36 | . . 36 Projectiles . | . . . Explosions 36 | . . 36 Melee . | . . . Knockbacks . | . . . Impact . | . . . Kinetic . | . . . Secondary . | . . . Self-Inflicted Damage 53 | . . 53 Shots 1 | . . 1 Rammed . | . . . Targets Rammed . | . . . Kicked . | . . . Crushed . | . . . Highest Temperature 150 | . 150 6 Average Temperature 58 | . 61 3 Received Heat Transfer 234 | . 78 156 Siege Activations . | . . . Robots Corrupted . | . . . Combat Hostiles . | . . . Parts Fried 1 | . . 1 Impact Corruptions . | . . . Robots Melted . | . . . Combat Hostiles . | . . . Parts Melted 1 | . . 1 Heat Transferred 2078 | . 770 1308 Parts Sabotaged . | . . . Parts Stolen . | . . . Parts Stripped . | . . . Power Chain Reactions 1 | . . 1 Missiles Intercepted . | . . . Alert | -11 -10 -10 ------- Run | Jun Mat Sub Peak Influence 237 | . 237 . Initial . | . . . Average 86 | . 93 . Maximum Alert Level 1 | . 1 . Low Security (%) 88 | 100 87 . Level 1 11 | . 12 . Level 2 . | . . . Level 3 . | . . . Level 4 . | . . . Level 5 . | . . . High Security . | . . . Max Security . | . . . Squads Dispatched 1 | . 1 . Investigation . | . . . Extermination . | . . . Reinforcement 1 | . 1 . Assault . | . . . Garrison . | . . . Intercept . | . . . Searches Triggered . | . . . Construction Impeded . | . . . Haulers Reinforced . | . . . Active Scanning Responses . | . . . Cargo Convoy Interrupts . | . . . Stealth | -11 -10 -10 --------- Run | Jun Mat Sub Distress Signals 2 | . 2 . Communications Jammed . | . . . Distress Signals . | . . . Times Spotted 28 | . 18 10 Peak Tracking Total 4 | . 4 3 Tactical Retreats . | . . . Traps | -11 -10 -10 ------- Run | Jun Mat Sub Traps Triggered 1 | . . 1 Indirectly . | . . . Trap Hack Attempts . | . . . Triggered . | . . . Disarmed . | . . . Reprogrammed . | . . . Reused . | . . . Traps Extracted . | . . . Installed . | . . . Triggered . | . . . Machines | -11 -10 -10 ---------- Run | Jun Mat Sub Machines Disabled . | . . . Max in Single Turn . | . . . Machines Repaired . | . . . Machines Sabotaged . | . . . Overloaded Fab Kills . | . . . Hacking | -11 -10 -10 --------- Run | Jun Mat Sub Machines Accessed 4 | . 4 . Terminals 3 | . 3 . Fabricators . | . . . Repair Stations 1 | . 1 . Recycling Units . | . . . Scanalyzers . | . . . Garrison Access . | . . . Total Hacks 9 | . 9 . Successful 5 | . 5 . Failed 4 | . 4 . Catastrophic . | . . . Database Lockouts . | . . . Manual 4 | . 4 . Terminals 6 | . 6 . Fabricators . | . . . Repair Stations 3 | . 3 . Recycling Units . | . . . Scanalyzers . | . . . Garrison Access . | . . . Terminal Hacks 3 | . 3 . Robot Analysis 2 | . 2 . Prototype ID Bank 1 | . 1 . Fabricator Hacks . | . . . Repair Station Hacks 1 | . 1 . Scan Component 1 | . 1 . Recycling Unit Hacks . | . . . Scanalyzer . | . . . Garrison Access Hacks . | . . . Unauthorized Hacks 1 | . 1 . Terminals 1 | . 1 . Botnet 1 | . 1 . Fabricators . | . . . Repair Stations . | . . . Recycling Units . | . . . Scanalyzers . | . . . Garrison Access . | . . . Data Cores Recovered . | . . . Used . | . . . Hacking Detections 4 | . 4 . Full Trace Events . | . . . Feedback Events . | . . . Feedback Blocked . | . . . Robot Schematics Acquired . | . . . Robots Built . | . . . Authchips . | . . . Time . | . . . Total Robot Build Rating . | . . . Part Schematics Acquired . | . . . Parts Built . | . . . Authchips . | . . . Time . | . . . Total Part Build Rating . | . . . Parts Repaired . | . . . Time . | . . . Parts Recycled . | . . . Recycled Matter . | . . . Retrieved Matter . | . . . Retrieved Components . | . . . Parts Scanalyzed . | . . . Part Schematics Acquired . | . . . Parts Damaged . | . . . Bothacking | -11 -10 -10 ------------ Run | Jun Mat Sub Used RIF Installer . | . . . Robots Hacked . | . . . Non-combat . | . . . Combat . | . . . Robot Hacks Applied . | . . . Relay Couplers Released . | . . . Fabnet Peak Effective % . | . . . Robots Rewired . | . . . Allies Hacked . | . . . Hacks Repelled . | . . . Allies | -11 -10 -10 -------- Run | Jun Mat Sub Total Allies . | . . . Largest Group . | . . . Highest-Rated Group . | . . . Highest-Rated Ally . | . . . Total Orders . | . . . Ally Attacks . | . . . Total Damage . | . . . Kills . | . . . Allies Corrupted . | . . . Allies Melted . | . . . Intel | -11 -10 -10 ------- Run | Jun Mat Sub Robot Analysis Total 2 | . 2 . Derelict Logs Recovered 1 | . . 1 Drone Launches . | . . . Drone Recoveries . | . . . Exploration | -11 -10 -10 ------------- Run | Jun Mat Sub Turns Passed 1718 | 47 535 1136 Spaces Moved 1016 | 40 359 617 Core 3 | 3 . . Treads 338 | . . 338 Legs . | . . . Wheels 675 | 37 359 279 Hover . | . . . Flight . | . . . Fastest Speed 50 | 50 95 90 Average Speed 122 | 86 103 135 Slowest Speed 160 | 95 110 160 Overloaded Moves . | . . . Propulsion Burnouts . | . . . Robots Hopped . | . . . Cave-ins Triggered . | . . . Exploration Rate (%) 36 | 3 65 41 Regions Visited 2 Branch Regions 1 Pre-discovered Areas 2 | . . 2 Known Exits Taken . | . . . Unknown Exits Taken 2 | 1 1 . Scrap Searched . | . . . Spaces Dug . | . . . Terrain Destroyed 14 | . . 14 Melee . | . . . Projectile 4 | . . 4 AOE 10 | . . 10 Terrain Rammed . | . . . Walls Destroyed . | . . . Machines Disabled . | . . . Actions | -11 -10 -10 --------- Run | Jun Mat Sub Total 1258 | 49 452 757 Wait 62 | . 30 32 Move 1014 | 39 358 617 Hop . | . . . Pick Up 12 | 4 7 1 Fast Attach 11 | 6 2 3 Attach 11 | . . 11 Detach 4 | . 1 3 Swap 16 | . 5 11 Drop 9 | . 9 . Fire 86 | . 40 46 Melee 33 | . . 33 Ram . | . . . Kick . | . . . Crush . | . . . Escape Stasis . | . . . Rewire . | . . . Trap . | . . . Miscellaneous . | . . . Route ------- -11/Junkyard -10/Materials (discovered 4 exits: [*Mat] / [*Min x2] / [*Sub]) -10/Subcaves (discovered 2 exits: [*Mat] / [*Mat]) History --------- Turn | Location | Event 12 | -11/Junkyard | Discovered new exit (range 15) 48 | -11/Junkyard | Entered Materials 246 | -10/Materials | Discovered new exit (range 6) 314 | -10/Materials | Build established: Mutant 439 | -10/Materials | Discovered new exit (range 8) 500 | -10/Materials | Discovered new exit (range 11) 575 | -10/Materials | Discovered new exit (range 8) 583 | -10/Materials | Entered Subcaves 584 | -10/Subcaves | Ambushed by Subdwellers from Twisted Machinery 827 | -10/Subcaves | Lost 3 parts (1p1n1w) 862 | -10/Subcaves | Discovered new exit (range 12) 874 | -10/Subcaves | Learned location of Zion (-7) 874 | -10/Subcaves | Met a Zionite searching for "candidates" 1192 | -10/Subcaves | Shifting Twisted Machinery released Battle Cannon 1194 | -10/Subcaves | Discovered new exit (range 10) 1205 | -10/Subcaves | Shifting Twisted Machinery released Sub. Monowheel 1206 | -10/Subcaves | Ambushed by Subdwellers from Twisted Machinery 1245 | -10/Subcaves | Core integrity fell below 50% 1306 | -10/Subcaves | Lost 3 parts (2n1w) 1326 | -10/Subcaves | Shifting Twisted Machinery released Battle Cannon 1352 | -10/Subcaves | Shifting Twisted Machinery released Sub. Optics 1535 | -10/Subcaves | Core integrity fell below 20% 1566 | -10/Subcaves | Learned location of Storage (-7) 1574 | -10/Subcaves | Lost 3 parts (1p2w) 1586 | -10/Subcaves | A swath of the cavern ceiling suddenly collapsed 1719 | -10/Subcaves | Destroyed by NE-SW0(R) with Subdweller Machine Gun Last Messages --------------- 01546_ Flight Unit fried. 01546_ S-10 Pest destroyed. 01546_ Switching to secondary target: S-10 Pest. 01552_ S-10 Pest destroyed. 01555_ Acquired 19 matter. 01556_ Acquired 10 matter. 01557_ Corrupted Lgt. Assault Rifle fries itself beyond repair. 01558_ Lgt. Ion Engine self-destruct mechanism malfunctions. 01561_ Corrupted Flight Unit fries itself beyond repair. 01561_ Lgt. Ion Engine fries itself beyond repair. 01564_ Corrupted Flight Unit fries itself beyond repair. 01566_ Acquired derelict log, extracted data. World map updated: -7/Storage. A swath of the cavern ceiling suddenly collapses. 01662_ Acquired 10 matter. 01718_ Chain reaction triggered in Sub. Power Source. 01718_ Com. Wheel destroyed. 01718_ Destroyed Com. Wheel. 01718_ EM Pulse Gun destroyed. 01718_ Destroyed EM Pulse Gun. Map ----- +----------------------------------------------------+ | | | | | | | | | | | | | | | | | | | | | | | | | | | | | ?????????????????????????????????????????????????? | | ?????????????????????????????????????????????????? | | ?????????????????????????????????????????????????? | | ?????????????????????????????????????????????????? | | ?????????????????????????????????????????????????? | | ?????????????????????????????????????????????????? | | ?????????????????????????????????????????????????? | | ?????????????????????????????????????????????????? | | ?????????????????????????????????????????????????? | | ???????????????????????#######???????????????????? | | ???????????????????????#; ;$;#???????????????????? | | ???????????????????????# @ &$#???????????????????? | | ???????????????????????##;R ;#???????????????????? | | ????????????????????????;$ ;;#???????????????????? | | ???????????????????????#;; # ####????????????????# | | ????????????????????#### < ##??????????????## | | ????????????????????# #??????????????# | | ???????????????????## ## ##??????????????## | | ???????????????????# #######????????????????? | | ???????????????????## #### ###??????????????? | | ????????????????????## #?#####??###???? | | ?????????????????????# ## #?# ####"##### | | ?????????????????????# ## ### ### #""#""##"# | | ?????????????????????# #?## # # ## "#"#"##"""# | | ?????????????????????##???## ### # #"""#"#%# | | ???????????????????????????### ## "###"##"##" | | ?????????????????????????????#### #?#######" | | ????????????????????????????????## #?????#### | | ?????????????????????????????????## ##????????? | | ??????????????????????????????????## ##?????????? | | ???????????????????????????????????####??????????? | | ?????????????????????????????????????????????????? | | ?????????????????????????????????????????????????? | | ?????????????????????????????????????????????????? | | ?????????????????????????????????????????????????? | | ?????????????????????????????????????????????????? | +----------------------------------------------------+ Best States ------------- Heat Dissipation 25 Energy Generation 15 Energy Capacity 250 Matter Stores 300 Matter Capacity 300 Sight Range 21 Terrain Scan Density 10 Armor Coverage 150 Evasion (%) 44 Recoil Reduction 2 Item Schematics ----------------- None Robot Schematics ------------------ None Fabricated ------------ Nothing Alien Tech Used ----------------- None Achievements -------------- None Challenges ------------ None Game ------ Seed QuantumDrainedTube Manual? 1 Play Time 00:14:26 Cumulative 340.1 hours Start 2023.06.25 @ 08:13:34 End 2023.06.25 @ 08:27:25 Sessions 1 Manual Loads 0 Difficulty Rogue Special Mode None Game No. 174 Rogue 174 Adventurer 0 Explorer 0 Win Type - Total 11 Types 6/0/3/0/0/0/2/0/0 Lore% 81 Gallery% 87 Achievement% 78 Wizard Run 0 Options --------- ASCII 0 Keyboard 1 Movement Numpad Keybinds 0 Fullscreen 2 Font 12/Smallcaps Map View 83x54 Tactical HUD 1 Map Filters NONE Filters NONE Steam 1 RUN: cf69c601-81ba-4998-83ed-08ee3b2105fb